 Dungeon Crawl Stone Soup version 0.25-a0-420-g1cc7eeb0d1 (webtiles) character file.

Game seed: 4207828973085051053, levelgen mode: deterministic

31 ChaosChampion the Chiller (level 3, -1/24 HPs)
             Began as a Vampire Ice Elementalist on Jan 18, 2020.
             Was an Initiate of Nemelex Xobeh.
             Slain by an adder (2 damage)
             ... on level 2 of the Dungeon.
             The game lasted 00:03:19 (910 turns).

ChaosChampion the Chiller (Vampire Ice Elementalist) Turns: 910, Time: 00:03:19

Health: -1/24      AC:  2    Str:  7    XL:     3   Next: 7%
Magic:  6/6        EV: 13    Int: 23    God:    Nemelex Xobeh [......]
Gold:   13         SH:  0    Dex: 14    Spells: 5/6 levels left

rFire    . . .     SeeInvis +     - Unarmed
rCold    . . .     Gourm    .   (no shield)
rNeg     . . .     Faith    .   a - +0 robe
rPois    .         Spirit   .   (no helmet)
rElec    .         Reflect  .   (no cloak)
rCorr    .         Harm     .   (no gloves)
MR       .....                  (no boots)
Stlth    ++........             (no amulet)
HPRegen  0.28/turn              (no ring)
MPRegen  0.10/turn              (no ring)

@: brilliant, regenerating quickly
A: no food, fangs 3, see invisible, unbreathing
a: Exsanguinate, Draw Escape, Draw Destruction, Draw Summoning, Renounce
Religion


You were on level 2 of the Dungeon.
You worshipped Nemelex Xobeh.
Nemelex Xobeh was noncommittal.
You were alive.

You visited 1 branch of the dungeon, and saw 2 of its levels.

You collected 13 gold pieces.

Inventory:

Armour
 a - a +0 robe (worn)
Jewellery
 d - a cursed ring of attention {unknown}
Scrolls
 c - a scroll of identify {unknown}
 g - a scroll of fear {unknown}


   Skills:
 + Level 2.3 Dodging
 * Level 3.5 Stealth
 * Level 1.1 Unarmed Combat
 + Level 2.2 Spellcasting
 + Level 4.4 Ice Magic


You had 5 spell levels left.
You knew the following spells:

 Your Spells              Type           Power        Failure   Level  Hunger
a - Freeze                Ice            ####         1%          1    N/A

Your spell library contained the following spells:

 Spells                   Type           Power        Failure   Level  Hunger
 Ozocubu's Armour         Chrm/Ice       ####....     1%          3    N/A
 Hailstorm                Conj/Ice       ####....     6%          4    N/A
 Summon Ice Beast         Ice/Summ       ####....     6%          4    N/A

Dungeon Overview and Level Annotations

Branches:
Dungeon (2/15)

Altars:
Nemelex Xobeh

Annotations:
D:2 Robin


Innate Abilities, Weirdness & Mutations

You do not eat.
Your natural rate of healing is unusually fast.
You have razor-sharp teeth.
You have supernaturally acute eyesight. (SInv)
You can survive without breathing.


Message History

* * * LOW HITPOINT WARNING * * *
The goblin barely misses you. The goblin hits you but does no damage.
The adder barely misses you.
It was a potion of brilliance.
You feel clever all of a sudden.
The quokka bites you but does no damage.
The hobgoblin closely misses you. The goblin hits you but does no damage.
The goblin barely misses you. The adder bites you but does no damage.
The hobgoblin hits you but does no damage.
The goblin closely misses you. The quokka closely misses you.
As you read the scroll labeled JETSIK UNKUUTS, it crumbles to dust.
You hear a loud clanging noise!
It was a scroll of noise.
You hear an angry hiss.
You hear a shout! x2; You hear an angry hiss.
You hear a shout!
The goblin hits you with a +0 dagger.
* * * LOW HITPOINT WARNING * * *
The adder bites you.
You die...
Your body disappears without a glow.

#.r###########
.......<.....####
K..>##..........#
# #..8.....8.#
#......Sgg.#
##....lg@gg#
#...>gggr.#
#....ggg..#
#.........#
..8.....8.#
...!......#
.#.#.#..###
#.....## ###.##


You could see Robin, an adder, a quokka, 3 hobgoblins, 7 goblins and a frilled
lizard.

Vanquished Creatures
  An ooze (D:1)
  A dart slug (D:1)
  3 leopard geckos (D:1)
  2 bats (D:1)
  3 goblins (D:1)
  5 hobgoblins (D:1)
  2 kobolds (D:1)
  A frilled lizard (D:1)
  A rat (D:1)
19 creatures vanquished.

Notes
Turn   | Place    | Note
-------+----------+-------------------------------------------
     0 | D:1      | ChaosChampion the Vampire Ice Elementalist began the quest
                  | for the Orb.
     0 | D:1      | Reached XP level 1. HP: 13/13 MP: 3/3
    28 | D:1      | Found a sparkling altar of Nemelex Xobeh.
    36 | D:1      | Became a worshipper of Nemelex Xobeh the Trickster
   126 | D:1      | Reached XP level 2. HP: 16/19 MP: 3/5
   212 | D:1      | Received a gift from Nemelex Xobeh
   482 | D:1      | Reached skill level 1 in Unarmed Combat
   655 | D:1      | Reached XP level 3. HP: 15/24 MP: 0/6
   903 | D:2      | Noticed Robin
   910 | D:2      | HP: 1/24 [goblin/+0 dagger[Robin] (5)]
   910 | D:2      | Slain by an adder

Levels and vault maps discovered:
D:1:      dpeg_arrival_erosion, layout_basic, serial_bayou_ford_a,
          nemelex_xobeh_ov_fountains_minmay
D:2:      layout_loops_ring, corexii_item_surrounded_by_moat,
          minmay_misc_feat_secret_circle, st_stairs_1, dk_yredelemnul_ordeal,
          uniq_robin

Skill      XL: |  1  2 |
---------------+-------+-----
Unarmed Combat | 1 |  1.1
Dodging        | |  2.3
Stealth        | |  3.5
Spellcasting   | |  2.2
Ice Magic      | |  4.4

Action                   || total
-------------------------++-------
Melee: Unarmed           ||    43
       Bite              ||     5
 Cast: Freeze            ||    25
  Use: Potion            ||     2
       Scroll            ||     1
Armor: Robe              ||    17
Dodge: Dodged            ||    45

Table legend:
 A = Non-vault XP
 B = Vault XP
 C = Vault XP percentage of total XP
 D = Non-vault monster count
 E = Vault monster count
 F = Vault count percentage of total count
                 A         B        C        D         E       F
            +---------+---------+-------+---------+---------+-------
      Total |      45 |       0 |   0.0 |      19 |       0 |   0.0
            +---------+---------+-------+---------+---------+-------
        D:1 |      45 |       0 |   0.0 |      19 |       0 |   0.0
            +---------+---------+-------+---------+---------+-------
